 Dungeon Crawl Stone Soup version 0.30.1-11-g7821555f0a (webtiles) character file.

Game seed: 7204763571877711554

2826 Myriad the Thaumaturge (level 9, -9/43 (45) HPs)
             Began as a Deep Elf Necromancer on Nov 13, 2023.
             Was an Initiate of Yredelemnul.
             Mangled by a wight
             ... wielding a +2 morningstar of freezing
              (10 damage)
             ... on level 7 of the Dungeon on Nov 14, 2023.
             The game lasted 00:41:29 (7647 turns).

Myriad the Thaumaturge (Deep Elf Necromancer)       Turns: 7647, Time: 00:41:29

HP:   -9/43 (45)    AC:  8    Str:  5    XL:     9   Next: 45%
MP:   27/27         EV: 13    Int: 25    God:    Yredelemnul [......]
Gold: 339           SH:  5    Dex: 15    Spells: 24/32 levels left

rFire   . . .        r - +2 rapier (vamp)
rCold   + . .        (no shield)
rNeg    . . .        y - +0 steam dragon scales
rPois   .            (no helmet)
rElec   .            l - +0 cloak
rCorr   +            q - +1 pair of gloves
SInv    .            (no boots)
Will    .....        e - amulet of reflection
Stlth   ++           f - ring of protection from cold
HPRegen 0.27/turn    s - ring of resist corrosion
MPRegen 0.20/turn

%: reflection
@: lightly drained
A: no striking features
a: Renounce Religion, Recall Undead Harvest


You were on level 7 of the Dungeon.
You worshipped Yredelemnul.
Yredelemnul was noncommittal.
You visited 2 branches of the dungeon, and saw 9 of its levels.

You collected 339 gold pieces.

Inventory:

Hand Weapons
 c - a +1 short sword
 k - a +4 quarterstaff of chaos
 r - a +2 vampiric rapier (weapon)
Armour
 a - a +0 robe
 l - a +0 cloak (worn)
 m - a +3 leather armour of fire resistance
 q - a +1 pair of gloves (worn)
 y - +0 steam dragon scales (worn)
Magical Staves
 j - a staff of poison
Jewellery
 e - an amulet of reflection (around neck)
 f - a ring of protection from cold (left hand)
 h - a +6 ring of strength
 n - a ring of protection from cold
 s - a ring of resist corrosion (right hand)
 x - a +6 ring of strength
Wands
 g - a wand of polymorph (8)
 u - a wand of light (6)
Scrolls
 b - a scroll of torment
 d - a scroll of enchant weapon
 o - 6 scrolls of identify
 p - 5 scrolls of magic mapping
 t - a scroll of teleportation
Potions
 i - a potion of haste
 v - 2 potions of cancellation
 w - 3 potions of curing


   Skills:
 + Level 1.7 Short Blades
 + Level 0.9 Staves
 + Level 4.3 Dodging
 - Level 2.4 Stealth
 + Level 1.3 Shields
 + Level 12.0 Spellcasting
 + Level 11.1 Necromancy
 + Level 0.1 Invocations


You had 24 spell levels left.
You knew the following spells:

 Your Spells              Type           Power      Damage    Failure   Level
a - Necrotise             Necr           100%       1d9       1%          1
b - Vampiric Draining     Necr           63%        2d10      1%          3
c - Animate Dead          Necr           63%        N/A       1%          4

Your spell library contained the following spells:

 Spells                   Type           Power      Damage    Failure   Level
 Agony                    Necr           63%        N/A       1%          5
 Apportation              Tloc           30%        N/A       4%          1
 Magic Dart               Conj           60%        1d6       4%          1
 Call Imp                 Summ           30%        N/A       6%          2
 Ensorcelled Hibernation  Hex/Ice        30%        N/A       6%          2
 Passwall                 Tmut/Erth      12%        N/A       6%          2
 Call Canine Familiar     Summ           15%        N/A       12%         3
 Dazzling Flash           Conj/Hex       30%        N/A       12%         3
 Mephitic Cloud           Conj/Pois/Air  15%        N/A       12%         3
 Portal Projectile        Hex/Tloc       30%        N/A       12%         3
 Swiftness                Air            15%        N/A       12%         3
 Leda's Liquefaction      Hex/Erth       7%         N/A       36%         4
 Alistair's Intoxication  Tmut/Pois      10%        N/A       73%         5
 Silence                  Hex/Air        7%         N/A       73%         5


Dungeon Overview and Level Annotations

Branches:
Dungeon (8/15)             Temple (1/1) D:4
   Lair: D:8-11

Altars:
Ashenzari
Cheibriados
Dithmenos
Elyvilon
Fedhas
Gozag
Kikubaaqudgha
Nemelex Xobeh
Okawaru
Qazlal
Sif Muna
Trog
Uskayaw
Wu Jian
Xom
Yredelemnul
Zin
The Shining One


Message History

You destroy the wight!
Your Spellcasting skill increases to level 12!
Things that are here:
a +4 short sword; a +0 robe
There is a stone staircase leading down here.
You climb downwards.
You block the wight's attack. The wight misses you.
There is a stone staircase leading up, spattered with blood here.
Magic restored.
The wight closely misses you. The wight hits you with a +0 dagger.
You climb upwards.
There is a stone staircase leading down here.
You closely miss the wight. You block the wight's attack.
The wight completely misses you.
You barely miss the wight. The wight misses you. You block the wight's attack.
You hit the wight.
The wight is moderately damaged.
The wight hits you with a +2 morningstar of freezing!
The wight freezes you. You block the wight's attack.
Casting: Vampiric Draining (safe; 1% risk of failure)
Confirm with . or Enter, or press ? or * to list all spells.
You can't see any susceptible monsters within range! (Use Z to cast anyway.)
You barely miss the wight.
The wight is moderately damaged.
The wight hits you with a +2 morningstar of freezing!
* * * LOW HITPOINT WARNING * * *
You block the wight's attack.
The wight hits you with a +2 morningstar of freezing!
* * * LOW HITPOINT WARNING * * *
You feel drained. The wight freezes you.
* * * LOW HITPOINT WARNING * * *
The wight hits you with a +0 dagger.
* * * LOW HITPOINT WARNING * * *
You hit the wight but do no damage.
The wight is moderately damaged.
You block the wight's attack. The wight closely misses you.
You hit the wight.
The wight is heavily damaged.
The wight hits you with a +2 morningstar of freezing!
You die...
Your body rises from the dead as a mindless zombie.

#..# #.Z.ZZ..####.
#########..## #.#####.# ##
#.ZZ.Z......####Z#####.#
#.#######...........##.#
#.Z.# #...####.##.##.# ###Z#
##### #.##....# ####.####
#...Z...##
#.......###########......#
#.##.##Z#...@...# #.###..####
#<##.##.#..z.z..###.###......
#.##.##Z#........##Z##.).....
#.##.##.#........##.##.......
#.##.##Z#........##.##...####
#.....Z.########.##..ZZ..#
###...### #.#####.###
##.#<#.## #.# ###Z####
#.##....# #Z# #.Z....#


You could see 2 wights.

Vanquished Creatures
  Joseph (D:7)
  An orc warrior (D:6)
  A water moccasin (D:6)
  An ice beast (D:7)
  A sky beast (D:6)
  A centaur (D:6)
  2 phantoms (D:5)
  Blork the orc (D:6)
  2 bullfrogs
  A gnoll sergeant (D:5)
  2 scorpions
  A wight (D:7)
  A howler monkey (D:6)
  6 orc priests
  4 hounds
  2 jellies
  Crazy Yiuf (D:3)
  2 sleepcaps (D:5)
  3 iguanas
  Natasha (thrice) (D:2)
  An orc wizard (D:6)
  8 gnolls
  7 adders
  A shadow imp (D:6)
  An ufetubus (D:5)
  2 worms
  3 dart slugs
  22 orcs
  5 ball pythons
  2 giant cockroaches
  8 goblins
  7 hobgoblins
  3 jackals (D:1)
  3 quokkas
  4 bats
  A frilled lizard (D:1)
  2 kobolds
  7 rats
124 creatures vanquished.

Vanquished Creatures (collateral kills)
  Maggie (D:7)
  An ogre (D:5)
  A scorpion (D:5)
  An orc priest (D:6)
  A jelly (D:7)
  An iguana (D:7)
  An orc wizard (D:6)
  2 gnolls (D:5)
  2 white imps
  An ufetubus (D:5)
  2 orcs (D:6)
  An endoplasm (D:2)
  A frilled lizard (D:1)
  A rat (D:1)
17 creatures vanquished.

Vanquished Creatures (others)
  A water moccasin zombie (D:6)
  A bullfrog zombie (D:6)
  2 scorpion zombies
  A sky beast zombie (D:6)
  A hound zombie (D:5)
  An adder zombie (D:5)
  A jelly zombie (D:4)
  A spectral white imp (D:6)
  5 gnoll zombies
  3 goblin zombies (D:6)
  A hobgoblin zombie (D:4)
  14 orc zombies
  2 spectral ufetubi (D:5)
34 creatures vanquished.

Grand Total: 175 creatures vanquished

Notes
Turn   | Place    | Note
-------+----------+-------------------------------------------
     0 | D:1      | Myriad the Deep Elf Necromancer began the quest for the
                  | Orb.
     0 | D:1      | Reached XP level 1. HP: 10/10 MP: 6/6
    12 | D:1      | Reached skill level 5 in Necromancy
   156 | D:1      | Reached XP level 2. HP: 15/15 MP: 5/8
   557 | D:2      | Reached XP level 3. HP: 19/19 MP: 6/10
   561 | D:2      | Learned a level 3 spell: Vampiric Draining
   727 | D:2      | Noticed Natasha
   792 | D:2      | Reached skill level 4 in Spellcasting
   831 | D:2      | Killed Natasha
   888 | D:2      | Noticed Natasha
   892 | D:2      | Killed Natasha
   893 | D:2      | Reached XP level 4. HP: 17/24 MP: 6/12
   898 | D:2      | Learned a level 4 spell: Animate Dead
  1039 | D:2      | Reached skill level 5 in Spellcasting
  1183 | D:2      | Noticed Natasha
  1186 | D:2      | Killed Natasha
  1187 | D:2      | Reached XP level 5. HP: 28/28 MP: 8/14
  1677 | D:3      | Found a stormy altar of Qazlal.
  1972 | D:3      | Found a runed translucent door.
  1973 | D:3      | Noticed Crazy Yiuf
  1982 | D:3      | Killed Crazy Yiuf
  2665 | D:4      | Found a staircase to the Ecumenical Temple.
  2676 | D:4      | Reached skill level 6 in Spellcasting
  2679 | D:4      | Reached XP level 6. HP: 32/32 MP: 4/17
  2825 | Temple   | Entered the Ecumenical Temple
  3070 | Temple   | Became a worshipper of Yredelemnul the Dark
  3242 | D:4      | Reached * piety under Yredelemnul
  3948 | D:5      | Entered Level 5 of the Dungeon
  4056 | D:5      | Reached skill level 7 in Spellcasting
  4170 | D:5      | Reached XP level 7. HP: 36/36 MP: 18/20
  4209 | D:5      | Reached skill level 8 in Spellcasting
  4952 | D:5      | Reached skill level 9 in Spellcasting
  4965 | D:5      | Reached XP level 8. HP: 41/41 MP: 12/23
  5458 | D:5      | Found a sparkling altar of Nemelex Xobeh.
  5520 | D:6      | Reached skill level 10 in Spellcasting
  5521 | D:6      | Reached ** piety under Yredelemnul
  5753 | D:6      | Reached skill level 10 in Necromancy
  6114 | D:6      | Noticed Blork the orc
  6117 | D:6      | Killed Blork the orc
  6118 | D:6      | Reached skill level 1 in Shields
  6260 | D:6      | Found a bloodstained altar of Trog.
  6378 | D:6      | Reached skill level 11 in Spellcasting
  6449 | D:6      | Your ally Blork died
  6457 | D:6      | Reached XP level 9. HP: 45/45 MP: 19/26
  6770 | D:7      | Noticed Joseph
  6796 | D:7      | Killed Joseph
  6797 | D:7      | Reached skill level 1 in Short Blades
  7017 | D:7      | Found a shimmering altar of Xom.
  7200 | D:7      | Noticed Maggie
  7218 | D:7      | Killed Maggie
  7636 | D:7      | Reached skill level 12 in Spellcasting
  7645 | D:7      | HP: 2/43 [wight/+2 morningstar of freezing (1)]
  7647 | D:7      | Mangled by a wight

Illustrated notes

Levels and vault maps discovered:
D:1:      dpeg_arrival_rooms_with_view, layout_rooms
D:2:      layout_loops_ring, uniq_natasha
D:3:      layout_loops_cross, mainiacjoe_overflow_small_starburst,
          uniq_crazy_yiuf_cottage
D:4:      layout_loops_ring, minmay_temple_entry_large_hall, minivault_23,
          minmay_misc_feat_nine_boxes, solitary_fountain, due_unseen_surprise
D:5:      layout_loops_ring, kennysheep_little_box, minmay_pentangle
D:6:      layout_basic, trog_hazing_becter, uniq_blork_the_orc
D:7:      layout_loops_cross, mainiacjoe_overflow_24_doors, uniq_maggie,
          uniq_joseph
D:8:      layout_rooms, special_room [special_room_kobold],
          serial_park_tiny_pond
Temple:   minmay_temple_curvy_branch

Skill      XL: |  1  2  3  4  5  6  7  8  9 |
---------------+----------------------------+-----
Necromancy     | 5 6 7 8 10 11 | 11.1
Spellcasting   | 4 5 6 7 9 11 12 | 12.0
Dodging        | 4 |  4.3
Shields        | 1 |  1.3
Short Blades   | 1 |  1.7
Staves         | |  0.9
Stealth        | |  2.4
Invocations    | |  0.1

Action                     |  1- 3 |  4- 6 |  7- 9 || total
---------------------------+-------+-------+-------++-------
  Melee: Staff             |       |    16 |    12 ||    28
         Rapier            |       |       |    35 ||    35
         Punch             |       |       |     1 ||     1
   Cast: Necrotise         |    45 |    92 |    88 ||   225
         Vampiric Draining |       |    16 |    60 ||    76
         Animate Dead      |       |     1 |       ||     1
 Invoke: Recall Undead Har |       |       |     1 ||     1
    Use: Scroll            |     2 |     7 |     3 ||    12
         Potion            |     2 |     3 |     3 ||     8
   Stab: Sleeping          |       |       |     1 ||     1
 Armour: Robe              |       |     4 |       ||     4
         Leather armour    |       |       |    63 ||    63
         Steam dragon scal |       |       |     1 ||     1
  Dodge: Dodged            |     3 |    10 |    84 ||    97
  Block: Other             |       |    10 |    38 ||    48
         Reflection        |       |       |     4 ||     4
